Map: Thunderbird LE

Players

pHARM - Winner!

  • Race: Zerg Zerg
  • League: Platinum
  • Spawn Location: 11:00

Malimo

  • Race: Zerg Zerg
  • League: Platinum
  • Spawn Location: 5:00

VOD

Have the link to the VOD?

Description

Time

  • Played on: Sept. 9, 2019, 5:11 p.m.
  • Length: 12:26
Show
View Real Time Build Order
Export as new Build Order

pHARM Zerg - Winner!

Build Orders: Hatch First 

Get SALT Encoding   

  12  0:01  Drone  
  13  0:13  Overlord  
  13  0:20  Drone  
  14  0:31  Drone x2  
  16  0:52  Hatchery  
  16  0:54  Drone  
  16  0:58  Drone  
  16  1:00  Drone  
  18  1:16  Spawning Pool  
  17  1:18  Drone  
  18  1:27  Drone  
  18  1:30  Drone  
  20  1:43  Extractor  
  19  1:48  Drone  
  20  2:02  Overlord  
  20  2:05  Drone  
  21  2:15  Queen x2  
  21  2:16  Drone  
  21  2:17  Drone x2  
  28  2:43  Zergling x8  
  32  2:50  Zergling x4  
  34  2:58  Queen  
  36  3:00  Baneling Nest  
  36  3:02  Zergling x2  
  36  3:04  Overlord  
  36  3:11  Overlord x2  
  36  3:29  Drone x3  
  39  3:37  Evolution Chamber  
  39  3:40  Evolution Chamber  
  35  4:00  Overlord  
  35  4:02  Baneling x3  
  35  4:11  Drone  
  35  4:12  Drone x8  
  44  4:30  Pneumatized Carapace  
  44  4:41  Drone  
  44  4:42  Drone x3  
  44  4:43  Roach Warren  
  44  4:44  Extractor  
  44  4:45  Extractor  
  45  5:09  Zerg Ground Armor Level 1, Zerg Missile Weapons Level 1  
  45  5:10  Hatchery  
  44  5:25  Drone  
  44  5:26  Drone x11  
  56  5:37  Roach  
  56  5:38  Roach  
  60  5:44  Overlord x2  
  60  5:49  Lair  
  60  5:53  Spine Crawler  
  60  5:55  Spine Crawler  
  60  5:56  Spine Crawler  
  56  5:58  Roach  
  56  5:59  Roach  
  57  6:09  Roach x4  
  62  6:15  Roach x2  
  62  6:26  Roach x4  
  62  6:33  Roach  
  62  6:34  Roach  
  66  6:44  Roach x2  
  66  6:46  Glial Reconstitution  
  70  6:48  Queen  
  72  6:56  Extractor  
  72  6:58  Hydralisk Den  
  72  7:00  Roach x2  
  74  7:02  Hatchery  
  73  7:20  Roach  
  73  7:21  Drone  
  76  7:34  Muscular Augments  
  76  7:51  Overlord x5  
  76  7:53  Queen  
  72  8:04  Roach x2  
  76  8:11  Roach x7  
  90  8:22  Roach x2  
  90  8:26  Roach  
  94  8:31  Zerg Ground Armor Level 2  
  94  8:32  Zerg Melee Weapons Level 1  
  82  8:45  Grooved Spines  
  80  8:59  Roach x8  
  80  9:01  Overlord  
  80  9:02  Overlord x2  
  92  9:07  Hatchery  
  92  9:09  Roach  
  93  9:18  Burrow  
  93  9:24  Roach x5  
  103  9:33  Hydralisk x4  
  111  9:52  Drone x6  
  117  10:07  Hydralisk x4  
  125  10:17  Hydralisk  
  125  10:18  Hydralisk x2  
  125  10:20  Overlord x2  
  131  10:28  Overlord x3  
  131  10:29  Roach x27  
  131  10:43  Hydralisk  
  131  10:44  Hydralisk x4  
  131  10:45  Hydralisk  
  143  11:28  Roach x10  
  149  11:42  Lurker Den  
  149  11:45  Infestation Pit  
  145  11:51  Hydralisk x7  
Show
View Real Time Build Order
Export as new Build Order

Malimo Zerg 

Build Orders: Hatch First 

Get SALT Encoding   

  12  0:04  Drone  
  13  0:13  Overlord  
  13  0:17  Drone  
  14  0:32  Drone  
  14  0:33  Drone  
  16  0:41  Drone  
  17  0:56  Hatchery  
  16  1:08  Spawning Pool  
  15  1:11  Extractor  
  15  1:13  Drone  
  15  1:15  Drone  
  16  1:19  Drone  
  17  1:27  Drone  
  18  1:35  Drone  
  19  1:46  Overlord  
  19  1:57  Queen  
  19  1:58  Zergling x2  
  22  2:08  Queen  
  22  2:11  Metabolic Boost  
  22  2:12  Zergling x4  
  26  2:22  Drone x2  
  28  2:37  Drone x2  
  30  2:56  Lair  
  30  2:58  Drone x4  
  34  3:08  Overlord x2  
  34  3:15  Roach Warren  
  34  3:18  Drone  
  34  3:19  Drone x2  
  36  3:22  Extractor  
  35  3:27  Drone x3  
  35  3:28  Drone  
  35  3:30  Drone  
  40  4:01  Glial Reconstitution  
  37  4:04  Roach x5  
  37  4:05  Roach  
  49  4:12  Evolution Chamber  
  49  4:13  Evolution Chamber  
  49  4:14  Drone  
  49  4:15  Drone x2  
  50  4:24  Extractor  
  50  4:25  Extractor  
  50  4:29  Drone x2  
  50  4:30  Drone x2  
  52  4:32  Overlord x3  
  52  4:38  Overseer  
  52  4:53  Roach x6  
  64  5:00  Drone x3  
  64  5:01  Drone x3  
  70  5:20  Drone  
  70  5:21  Drone x2  
  73  5:22  Overlord  
  73  5:24  Hatchery, Zerg Missile Weapons Level 1  
  72  5:34  Zerg Ground Armor Level 1  
  72  6:09  Overlord  
  72  6:10  Overlord x2  
  68  6:46  Roach  
  70  6:47  Roach x15  
  70  6:48  Roach  
  102  6:54  Queen  
  104  7:03  Drone x2  
  104  7:04  Overlord x3  
  106  7:08  Overseer  
  106  7:45  Infestation Pit, Zerg Ground Armor Level 2, Zerg Missile Weapons Level 2  
  99  8:06  Roach x14  
  99  8:07  Roach  
  93  8:44  Roach  
  93  8:45  Roach x8  
  103  9:00  Drone, Extractor  
  103  9:01  Drone x2  
  103  9:02  Extractor  
  104  9:03  Drone  
  104  9:04  Drone x7  
  104  9:05  Drone  
  113  9:12  Hive  
  113  9:15  Drone, Hydralisk Den  
  113  9:16  Drone x2  
  115  9:20  Overlord  
  115  9:21  Overlord x2  
  115  9:33  Hatchery  
  115  9:34  Overlord x3  
  114  9:45  Muscular Augments  
  114  10:02  Overlord x3  
  114  10:08  Extractor  
  114  10:11  Zerg Melee Weapons Level 1  
  114  10:13  Extractor  
  112  10:14  Overlord x3  
  112  10:27  Ultralisk Cavern  
  111  10:35  Pneumatized Carapace  
  111  10:50  Queen  
  111  10:51  Drone x7  
  111  10:52  Drone x6  
  111  10:53  Drone x4  
  128  11:16  Ultralisk x3  
  128  11:17  Ultralisk x4  
  168  11:21  Zergling x16  
  168  11:22  Zergling x2  
  128  11:53  Zergling x16  
  128  11:54  Zergling x16  
Tags
 
Add a new tag
Caveats
  • Supply blocks, unpowered buildings, or Contaminate may cause inaccurate times.
  • Supply counts are checked every 10 seconds.